 Seeded DCSS version 0.30.1-9-gdf580d7c3d (webtiles) character file.

Game seed: 6351066067085065685 (custom seed)

49 Esekla the Magician (level 3, 0/19 HPs)
             Began as a Deep Elf Wanderer on Oct 21, 2023.
             Was a Follower of Vehumet.
             Slain by an iguana (12 damage)
             ... on level 2 of the Dungeon.
             The game lasted 00:12:38 (1581 turns).

Esekla the Magician (Deep Elf Wanderer)             Turns: 1581, Time: 00:12:39

Health: 0/19       AC:  4    Str: 11    XL:     3   Next: 53%
Magic:  6/12       EV: 11    Int: 19    God:    Vehumet [*.....]
Gold:   179        SH:  4    Dex: 11    Spells: 9/13 levels left

rFire   . . .        a - +1 short sword (freeze)
rCold   . . .        d - +0 buckler
rNeg    . . .        c - +0 robe
rPois   .            k - +0 helmet
rElec   .            (no cloak)
rCorr   .            j - +0 pair of gloves
SInv    .            (no boots)
Will    .....        (no amulet)
Stlth   ++           (no ring)
HPRegen 0.23/turn    (no ring)
MPRegen 0.13/turn

%: no passive effects
@: no status effects
A: no striking features
a: Renounce Religion


You were on level 2 of the Dungeon.
You worshipped Vehumet.
Vehumet was aware of your devotion.
You visited 1 branch of the dungeon, and saw 4 of its levels.

You collected 179 gold pieces.

Inventory:

Hand Weapons
 a - a +1 short sword of freezing (weapon)
Missiles
 t - 6 poisoned darts (quivered)
Armour
 c - a +0 robe (worn)
 d - a +0 buckler (worn)
 j - a +0 pair of gloves (worn)
 k - a +0 helmet (worn)
Wands
 p - a wand of roots (7)
Scrolls
 g - 3 scrolls of identify {unknown}
 m - 2 scrolls of enchant weapon {unknown}
 n - a scroll of amnesia {unknown}
 o - a scroll of enchant armour {unknown}
 r - a scroll of fog {unknown}
Potions
 b - a potion of lignification
 e - a potion of ambrosia {unknown}
 f - 2 potions of attraction {unknown}
 h - a potion of heal wounds {unknown}
 i - a potion of curing {unknown}
 l - a potion of mutation {unknown}
 q - a potion of haste {unknown}
 s - 2 potions of brilliance {unknown}


   Skills:
 + Level 0.3 Short Blades
 * Level 0.6 Dodging
 + Level 1.2 Stealth
 + Level 1.6 Shields
 * Level 5.6 Spellcasting
 + Level 0.7 Conjurations
 * Level 1.2 Necromancy
 + Level 2.3 Translocations
 + Level 1.0 Invocations


You had 9 spell levels left.
You knew the following spells:

 Your Spells              Type           Power      Damage    Failure   Level
a - Magic Dart            Conj           32%        1d4       12%         1
b - Blink                 Tloc           28%        N/A       10%         2
p - Apportation           Tloc           28%        N/A       6%          1

Your spell library contained the following spells:

 Spells                   Type           Power      Damage    Failure   Level
 Foxfire                  Conj/Fire      24%        2x1d5     14%         1
 Lesser Beckoning         Tloc           28%        N/A       10%         2
 Gell's Gravitas          Tloc           14%        N/A       19%         3
 Teleport Other           Tloc           14%        N/A       19%         3
 Vampiric Draining        Necr           10%        2d6       30%         3
 Ignite Poison            Fire/Tmut/Pois 5%         N/A       45%         3


Dungeon Overview and Level Annotations

Branches:
Dungeon (4/15)
 Temple: D:4-7

Altars:
Okawaru
Vehumet
Zin

Shops:
D:2 =   D:4 (


Message History

You blink.
The black bear attacks as you move away!
You block the black bear's attack.
The black bear claws you but does no damage.
You block the black bear's attack.
You feel stable enough to blink again.
The black bear attacks as you move away!
The black bear bites you. The black bear misses you. The black bear claws you.
Casting: Blink (safe; 10% risk of failure)
Confirm with . or Enter, or press ? or * to list all spells.
You blink.
The black bear bites you but does no damage.
The black bear claws you. The black bear barely misses you.
The iguana closely misses you.
You hit the iguana. You freeze the iguana.
The iguana is lightly wounded.
The black bear barely misses you. x2
The black bear claws you but does no damage.
The iguana bites you but does no damage.
Okay, then.
Okay, then.
Unknown command.
You hit the iguana. You freeze the iguana.
The iguana is moderately wounded.
The black bear closely misses you.
The black bear claws you but does no damage.
You block the black bear's attack. The iguana closely misses you.
You hit the iguana but do no damage.
The iguana is moderately wounded.
The black bear bites you but does no damage.
The black bear claws you.
The black bear claws you but does no damage.
You block the iguana's attack.
You closely miss the iguana.
The iguana is moderately wounded.
You feel stable enough to blink again. The black bear bites you.
You block the black bear's attack. The black bear claws you.
The iguana bites you!
Ouch! That really hurt!
You die...

#..#####.### # #<.........#
# .. #........).#
########## ##.
#.######.#.####.$.......
...#............h..########
#.########.#.#### #....#
#.#.# ##########
#8.#####h#†# #........#
+.....l@.#.# #.######.#
###8.#.#####.# #.# #.#
#......# #.# #.# #.#
...#####.....## #.####.###
#.# #.........####
#.##.....####.# #.........#
#.##.......##.# ###########
#..........##.#
#.##.......##.#
#.##.....)###..


You could see a black bear and an iguana.

Vanquished Creatures
  An adder (D:2)
  A dart slug (D:1)
  4 endoplasms
  7 goblins
  3 hobgoblins
  A quokka (D:1)
  5 ball pythons (D:1)
  4 bats
  3 frilled lizards
  5 kobolds
  A rat (D:2)
35 creatures vanquished.

Notes
Turn   | Place    | Note
-------+----------+-------------------------------------------
     0 | D:1      | Esekla the Deep Elf Wanderer began the quest for the Orb.
     0 | D:1      | Esekla set off with the following items: a +0 club, a
                  | potion of lignification, a +0 robe, a +0 buckler; and the
                  | following spells available to memorise: Apportation, Blink,
                  | Lesser Beckoning, Magic Dart, Ignite Poison, Vampiric
                  | Draining.
     0 | D:1      | Reached XP level 1. HP: 10/10 MP: 7/7
     2 | D:1      | Learned a level 1 spell: Apportation
     4 | D:1      | Learned a level 1 spell: Magic Dart
   253 | D:2      | Found Renulab's Jewellery Shop.
   442 | D:4      | Found a radiant altar of Vehumet.
   446 | D:4      | Became a worshipper of Vehumet
   459 | D:4      | Found an iron altar of Okawaru.
   470 | D:4      | Found a glowing silver altar of Zin.
   556 | D:4      | Found Ponaysk's Antique Weapon Boutique.
   768 | D:3      | Reached skill level 5 in Spellcasting
   768 | D:3      | Reached XP level 2. HP: 14/15 MP: 8/10
   771 | D:3      | Learned a level 2 spell: Blink
  1067 | D:2      | Noticed a black bear
  1211 | D:1      | Reached * piety under Vehumet
  1211 | D:1      | Offered knowledge of Foxfire by Vehumet.
  1222 | D:1      | Reached XP level 3. HP: 19/19 MP: 7/12
  1338 | D:1      | Reached skill level 1 in Necromancy
  1581 | D:2      | Slain by an iguana

Illustrated notes

Levels and vault maps discovered:
D:1:      sevenhm_arrival_forest_fort_small_3, layout_rooms,
          chequers_serial_rivers_room_b, minmay_misc_feat_five
D:2:      layout_loops_ring, dreamdust_ecumenical_altar_angels_and_demons,
          serial_shops, shop
D:3:      layout_basic, grunt_temple_overflow_open, minmay_misc_feat_iff
D:4:      layout_basic, nicolae_overflow_quartered_altars, serial_shops,
          nicolae_diamond_shop

Skill      XL: |  1  2  3 |
---------------+----------+-----
Spellcasting   | 5 |  5.6
Necromancy     | 1 |  1.2
Short Blades   | |  0.3
Dodging        | |  0.6
Stealth        | |  1.2
Shields        | |  1.6
Conjurations   | |  0.7
Translocations | |  2.3
Invocations    | |  1.0

Action                     || total
---------------------------++-------
  Melee: Short sword       ||    64
   Cast: Apportation       ||    17
         Magic Dart        ||    57
         Blink             ||     4
    Use: Scroll            ||     1
 Armour: Robe              ||    31
  Dodge: Dodged            ||    44
  Block: Buckler           ||    18
